 Dungeon Crawl Stone Soup version 0.20.0-9-g8272e65 (webtiles) character file.

24 Chiseanne the Magician (level 3, -1/28 HPs)
             Began as a Ghoul Wizard on June 3, 2017.
             Slain by an adder (2 damage)
             ... on level 2 of the Dungeon.
             The game lasted 00:02:11 (1601 turns).

Chiseanne the Magician (Ghoul Wizard)               Turns: 1601, Time: 00:02:11

Health: -1/28      AC:  2    Str: 10    XL:     3   Next: 2%
Magic:  0/6        EV: 12    Int: 14    God:
Gold:   48         SH:  0    Dex:  7    Spells: 4/7 levels left

rFire    . . .     SeeInvis .   m - +0 dagger
rCold    + . .     Gourm    .   (no shield)
rNeg     + + +     Faith    .   a - +0 robe
rPois    ∞         Spirit   .   b - +0 hat
rElec    .         Reflect  .   (no cloak)
rCorr    .         Harm     .   (no gloves)
MR       .....                  (no boots)
Stlth    ++........             (no amulet)
Regen    0.0/turn               (no ring)
MPRegen  0.1/turn               (no ring)

@: very slightly contaminated, rotting
A: rotting body, claws 1, carnivore 3, cold resistance 1, negative energy
resistance 3, inhibited regeneration, torment resistance, unbreathing
a: no special abilities


You were on level 2 of the Dungeon.
You were not hungry.

You visited 1 branch of the dungeon, and saw 2 of its levels.

You collected 48 gold pieces.

Inventory:

Hand Weapons
 m - a +0 dagger (weapon)
Missiles
 f - 14 bolts
 h - 38 stones (quivered)
 n - 18 arrows
Armour
 a - a +0 robe (worn)
 b - a +0 hat (worn)
Scrolls
 e - a scroll of enchant weapon {unknown}
 g - a scroll of immolation {unknown}
 i - a scroll of blinking {unknown}
 j - a scroll of enchant armour {unknown}
 k - a scroll of random uselessness {unknown}
 l - a scroll of magic mapping {unknown}
 o - a scroll of fear {unknown}
 p - a scroll of teleportation {unknown}
Books
 c - a book of Minor Magic

   Spells                             Type                      Level
   a - Magic Dart                     Conjuration                  1
   b - Blink                          Translocation                2
   c - Call Imp                       Summoning                    2
   d - Slow                           Hexes                        2
   e - Conjure Flame                  Conjuration/Fire             3
   f - Mephitic Cloud                 Conjuration/Poison/Air       3
Comestibles
 d - 3 meat rations


   Skills:
 * Level 1.4 Fighting
 * Level 2.1 Dodging
 - Level 2.1 Stealth
 * Level 2.7 Spellcasting
 * Level 1.5 Conjurations
   Level 0.8 Summonings
 - Level 0.8 Translocations


You had 4 spell levels left.
You knew the following spells:

 Your Spells              Type           Power        Failure   Level  Hunger
a - Magic Dart            Conj           #...         12%         1    #......
b - Blink                 Tloc           N/A          24%         2    ###....


Dungeon Overview and Level Annotations

Branches:
Dungeon (2/15)

Altars:


Innate Abilities, Weirdness & Mutations

Your body is rotting away.
You thrive on raw meat.
You are immune to poison.
You have sharp fingernails.
You are carnivorous and can eat meat at any time.
Your flesh is cold resistant. (rC+)
You are immune to negative energy. (rN+++)
You do not regenerate when monsters are visible.
You are immune to unholy pain and torment.
You can survive without breathing.


Message History

Press: ? - help, Shift-Dir - straight line, f/p - adder
Aim: an adder (moderately wounded)
You miscast Magic Dart.
Wisps of smoke drift from your claws. The adder closely misses you.
Casting: Magic Dart
Confirm with . or Enter, or press ? or * to list all spells.
You don't have enough magic to cast that spell.
Casting: Magic Dart
Confirm with . or Enter, or press ? or * to list all spells.
You don't have enough magic to cast that spell.
You closely miss the adder.
The adder is moderately wounded.
The adder bites you.
* * * LOW HITPOINT WARNING * * *
The adder bites you.
* * * LOW HITPOINT WARNING * * *
You hit the adder.
The adder is severely wounded.
The adder bites you.
You die...

#.# ...#### #.# .......
#.# ....... #.# #..... #.#
#.....####### #)#
##.....#.....# #########.#
.............###.......#.#
.......)S@....).......)'..
.......#......##.......#..
...##########.##.......#..
. #..#########.. ###.# #..
#...## #.. #....########..
#....#.........
#..............


You could see an adder.

Vanquished Creatures
  2 dart slugs (D:2)
  A leopard gecko (D:2)
  A giant cockroach (D:1)
  3 goblins
  3 hobgoblins (D:2)
  2 kobolds
  A quokka (D:2)
  2 bats
  2 rats
17 creatures vanquished.

Notes
Turn   | Place    | Note
-------+----------+-------------------------------------------
     0 | D:1      | Chiseanne the Ghoul Wizard began the quest for the Orb.
     0 | D:1      | Reached XP level 1. HP: 14/14 MP: 3/3
   493 | D:1      | Reached skill level 1 in Fighting
   655 | D:1      | Reached skill level 1 in Conjurations
   655 | D:1      | Reached XP level 2. HP: 18/22 MP: 0/4
  1059 | D:2      | Learned a level 2 spell: Blink
  1572 | D:2      | Reached XP level 3. HP: 27/28 MP: 0/6
  1600 | D:2      | HP: 1/28 [adder (4)]
  1601 | D:2      | Slain by an adder

Skill      XL: |  1  2 |
---------------+-------+-----
Fighting       | 1 |  1.4
Conjurations   | 1 |  1.5
Dodging        | 2 |  2.1
Stealth        | |  2.1
Spellcasting   | |  2.7
Summonings     | |  0.8
Translocations | |  0.8

Action                   || total
-------------------------++-------
Melee: Unarmed           ||    18
       Dagger            ||    44
 Cast: Magic Dart        ||    37
  Eat: Chunk             ||    13
Armor: Robe              ||    14
Dodge: Dodged            ||    40
